AoeStats
← Baboon.exe

Golden Pit

509868415Analyzed
1v1 RM · 5d ago on Sep 28, 2026· 15m 57s· 2 players
Game mode
Random Map
Map size
Tiny (2 player)
Population
200
Speed
Normal
Resources
Standard
Victory
Conquest
Starting age
Dark Age
Ending age
Imperial Age
RankedLock teamsTeams togetherTeam positionsShared explorationLock speedFull tech treeHidden civsTurbo modeCheats
Victory
Defeat
🇫🇷 Mongols · France
799
+17
🇬🇷 Cumans · Greece
826
-44
armand.felicite
9:25 Feudal Age
11:18 Double-Bit Axe
11:28 Horse Collar
14:27 Loom
14:46 Gold Mining
16:32 Forging
Baboon.exe
9:04 Loom
12:36 Feudal Age
Connection lost

Rejoining the realm…

Still unreachable

The connection could not be restored.

Session expired

The server has moved on; the page needs a fresh start.